 Dungeon Crawl Stone Soup version 0.29-a0-270-g1586fc07ea (webtiles) character file.

Game seed: 2984128889419245645

379192 esteth the Sorcerer (level 23, -2/175 HPs)
             Began as a Djinni Conjurer on Mar 7, 2022.
             Was the Champion of Makhleb.
             Slain by a vault warden
             ... wielding a +1 bardiche of protection
              (22 damage)
             ... on level 4 of the Vaults.
             The game lasted 02:47:38 (53348 turns).

esteth the Sorcerer (Djinni Conjurer)              Turns: 53348, Time: 02:47:39

Health: -2/175     AC: 18    Str:  6    XL:     23   Next: 92%
Gold:   1209       EV: 18    Int: 29    God:    Makhleb [******] SH: 12 Dex: 20

rFire   + + .      SeeInvis +   J - staff of conjuration {!a}
rCold   + + .      Faith    .   l - +1 buckler {AC+3}
rNeg    . . .      Spirit   .   H - +4 skin of Zhor {*Englaciate rC+++ SInv} rPois โˆž Reflect +
                                a - +0 helmet {SInv}
rElec   +          Harm     .   g - +2 cloak of Philately {rElec}
rCorr   .          Rampage  .   (no gloves)
Will    ++...                   (boots unavailable)
Stlth   ++........              s - amulet of reflection
HPRegen 0.39/turn               O - +4 ring of protection
MPRegen 0.00/turn               D - +6 ring of dexterity

@: flying
A: sickness immunity, fire resistance 2, cold vulnerability 1, float, innate
caster, HP casting, extra vitality 1
}: 2/15 runes: decaying, gossamer
a: Renounce Religion, Minor Destruction, Lesser Servant of Makhleb, Major
Destruction, Greater Servant of Makhleb


You were on level 4 of the Vaults.
You worshipped Makhleb.
Makhleb was exalted by your worship.
You visited 7 branches of the dungeon, and saw 37 of its levels.
You also visited: Bailey.

You collected 3396 gold pieces.
You spent 2187 gold pieces at shops.


Innate Abilities, Weirdness & Mutations

You are immune to sickness and miasma.
You are immune to poison.
Your flesh is very heat resistant. (rF++)
You are vulnerable to cold. (rC-)
You float through the air rather than walking.
You learn spells naturally, not from books.
Your magical power is your life essence.
You have superior vitality. (+4 MHP)


   Skills:
 + Level 17.9 Fighting
 - Level 8.1 Armour
 - Level 9.7 Dodging
 - Level 1.5 Stealth
 - Level 4.0 Shields
 - Level 17.0 Unarmed Combat
 + Level 21.8 Spellcasting
 - Level 10.5 Invocations
 - Level 6.2 Evocations


You couldn't memorise any spells.
You knew the following spells:

 Your Spells              Type           Power      Damage    Failure   Level
b - Borgnjor's Vile Clut  Necr/Erth      51%        N/A       0%          5
d - Dazzling Flash        Conj/Hex       100%       N/A       0%          3
e - Metabolic Englaciati  Hex/Ice        51%        N/A       0%          5
f - Fulminant Prism       Conj/Hex       63%        3d27      0%          4
h - Hailstorm             Conj/Ice       100%       3d20      0%          4
i - Iskenderun's Mystic   Conj/Tloc      100%       2d19      0%          4
m - Magic Dart            Conj           100%       1d8       0%          1
s - Searing Ray           Conj           100%       2d8       0%          2
t - Starburst             Conj/Fire      63%        6d17      1%          6
w - Wereblood             Tmut           100%       N/A       0%          2
D - Discord               Hex            51%        N/A       1%          8
E - Statue Form           Tmut/Erth      68%        N/A       1%          6
F - Spider Form           Tmut/Pois      100%       N/A       0%          3
H - Haunt                 Necr/Summ      51%        N/A       1%          7
I - Infestation           Necr           51%        N/A       1%          8
S - Shock                 Conj/Air       100%       1d9       0%          1
Your spell library was empty.

Inventory:

Hand Weapons
 t - the +9 falchion of Wymacow {venom, Int+4 Dex+2}
   (You found it on level 9 of the Dungeon)

   It poisons the flesh of those it strikes.
   Int:       It affects your intelligence (+4).
   Dex:       It affects your dexterity (+2).
 x - a +4 demon trident of flaming
   (You took it off Urug on level 13 of the Dungeon)
Missiles
 A - 409 stones
Armour
 a - a +0 helmet of see invisible (worn)
   (You found it in a bailey)
 g - the +2 cloak of Philately (worn) {rElec}
   (You found it on level 3 of the Vaults)

   rElec:     It insulates you from electricity.
 l - a +1 buckler of protection (worn)
   (You found it on level 13 of the Dungeon)
 r - +0 swamp dragon scales
   (You found it on level 2 of the Swamp)
 B - a +0 pair of gloves
   (You took it off Nikola on level 3 of the Vaults)
 H - the +4 skin of Zhor (worn) {*Englaciate rC+++ SInv}
   (You bought it in a shop on level 2 of the Orcish Mines)

   It radiates cold, occasionally slowing all nearby creatures who are not
   resistant to cold.
   rC:        It renders you almost immune to cold.
   SInv:      It lets you see invisible.
 K - the +2 robe of Oxucvud {Dex+5}
   (You found it on level 5 of the Dungeon)

   Dex:       It affects your dexterity (+5).
Magical Staves
 J - a staff of conjuration (weapon) {!a}
   (You found it on level 8 of the Dungeon)
Jewellery
 f - a ring of protection from fire
   (You took it off a wizard on level 4 of the Swamp)
 s - an amulet of reflection (around neck)
   (You found it on level 2 of the Lair of Beasts)
 v - a ring of see invisible
   (You found it on level 13 of the Dungeon)
 y - the amulet of Megalomania {Will+ Regen+ Str+5}
   (You acquired it on level 14 of the Dungeon)

   [amulet of regeneration]

   Str:       It affects your strength (+5).
   Regen:     It increases your rate of health regeneration.
   Will:      It increases your willpower.
 C - a ring of ice
   (You found it on level 1 of the Dungeon)
 D - a +6 ring of dexterity (right hand)
   (You found it on level 6 of the Lair of Beasts)
 F - a ring of protection from fire
   (You found it on level 14 of the Dungeon)
 I - a ring of willpower
   (You found it on level 6 of the Lair of Beasts)
 O - a +4 ring of protection (left hand)
   (You found it on level 8 of the Dungeon)
 R - a ring of resist corrosion
   (You found it on level 13 of the Dungeon)
Wands
 c - a wand of mindburst (6)
   (You took it off a kobold brigand on level 7 of the Dungeon)
 d - a wand of paralysis (18)
   (You found it on level 12 of the Dungeon)
 e - a wand of charming (13)
   (You found it on level 4 of the Lair of Beasts)
 p - a wand of digging (30)
   (You took it off Urug on level 13 of the Dungeon)
 z - a wand of polymorph (31)
   (You took it off Sigmund on level 3 of the Dungeon)
 M - a wand of flame (68)
   (You found it on level 1 of the Elven Halls)
 Y - a wand of iceblast (48)
   (You took it off a kobold brigand on level 9 of the Dungeon)
Scrolls
 b - 5 scrolls of immolation {!r!r}
 h - 2 scrolls of vulnerability {!r!r}
 j - a scroll of holy word
 k - 6 scrolls of teleportation {@r4}
 q - 5 scrolls of magic mapping {!r}
 u - 4 scrolls of fear
 G - 6 scrolls of fog
 N - a scroll of brand weapon
 Q - 3 scrolls of silence {!r}
 T - 6 scrolls of enchant weapon
 U - 22 scrolls of identify {@r1}
Potions
 i - a potion of might
 m - 4 potions of cancellation
 n - 12 potions of brilliance
 o - 2 potions of berserk rage {!q}
 w - 3 potions of haste {@q3}
 L - 3 potions of curing {@q1}
 P - a potion of magic
 S - 4 potions of mutation {!q}
 W - a potion of resistance
 X - 5 potions of ambrosia
Miscellaneous
 Z - a box of beasts
   (You found it on level 14 of the Dungeon)

Dungeon Overview and Level Annotations

Branches:
Dungeon (14/15)            Temple (0/1) D:6            Lair (6/6) D:11
  Swamp (4/4) Lair:2       Spider (4/4) Lair:2        Slime (0/5) Lair:5
    Orc (2/2) D:12            Elf (3/3) Orc:2        Vaults (4/5) D:13
  Crypt (0/3) Vaults:2     Bailey (visited)

Altars:
Ashenzari
Cheibriados
Fedhas
Gozag
Makhleb
Nemelex Xobeh
Qazlal
Ru
Sif Muna
Trog
Jiyva
Lugonu

Shops:
D:8 *   D:10 [   D:12 ?   Orc:2 :?[=   Vaults:3 (

Portals:
Abyss: Lair:6
Trove: D:13 (give 6 scrolls of fog)

Annotations:
D:3 1 runed translucent door, Crazy Yiuf
D:10 exclusion: downstairs
D:11 exclusion: upstairs
Lair:3 2 transporters, Ecoseuz's ghost, journeyman DrAE
Swamp:4 Roxanne
Spider:1 1 runed translucent door, BigAl's ghost, adept MiGl
Elf:2 3 runed translucent doors

**************** ,,,,,,*,,,,,,,,*
********* ,,,,,,*,,,,,,,,*
*,,,,,,,, ,,,,,,+,,,,,,,,*
*,,,,,,,,
,,,,,,*,,,,,,,,##########,,,,,,,,
<,,,,,*,,,,,,,,+........#,,,,,,,,
,,,,,,*,,,,,,,,#..โ€
)....#,,,,,,,,
,,,,,,*,,,,,,,,#..p.....#,,,,,,,,
,,,,,,*,,,,,,,,#@p.Tp))p'.,,,,,,,
,,,,,,+,,,,,,,,#.ยงW..B..#.,,,,,,,
***************#........#,,,,,,,,
#........#,,,,,,,,
#........#,,,,,,,,
#........#,,,,,,,,
#........*,,,,,,,,
#########*,,,,,,,,
*************,,,,,,,,


You could see an ironbound preserver (slow, ally target), a vault warden, a deep
troll (strong, unaware, slow), a vault sentinel, an ironbound convoker (strong,
infested, ally target), a friendly wraith (summoned) and a friendly death
scarab.


Message History

Your phantasmal warrior blinks! ๐Ÿ˜ฑ HP[+10]
You regained 10 hp, and now have 18/175 hp.
The zombie hands constrict the vault warden!
Your death scarab barely misses the deep troll.
The vault warden activates a sealing rune. ๐Ÿ˜ฑ HP[+4]
You regained 4 hp, and now have 22/175 hp.
The zombie hands constrict the vault warden.
Your death scarab bites the deep troll!
Your death scarab drains the deep troll's vigour!
The deep troll seems to slow down.
Your death scarab draws strength from the deep troll's injuries!
The vault warden struggles to escape constriction.
The ironbound convoker gestures at the ironbound convoker while chanting.
The ironbound convoker seems to grow stronger.
The ironbound frostheart calls freezing cold from the walls.
The frost grips you! You partially resist.
* * * LOW HITPOINT WARNING * * *
You are encased in ice.
The deep troll bites you but does no damage.
The deep troll barely misses you. x2
Your phantasmal warrior closely misses the ironbound frostheart.
Your death scarab bites the ironbound frostheart!!
The ironbound frostheart dies!
Makhleb accepts your kill. ๐Ÿ˜ฑ HP[-12]
You take 12 damage, and now have 10/175 hp.
You feel less invigorated.
You feel less confused.
The zombie hands constrict the vault warden!
Your death scarab bites the deep troll!!
The deep troll dies!
Makhleb accepts your kill.
A death scarab bursts from the deep troll!
The vault warden struggles to escape constriction.
The ironbound convoker casts a spell at the ironbound convoker.
The ironbound convoker seems to grow stronger.
The ironbound preserver hits your death scarab with a +0 flail!
Your wraith barely misses the ironbound convoker.
Your phantasmal warrior hits the ironbound convoker!! ๐Ÿ˜ฑ HP[+3]
You regained 3 hp, and now have 13/175 hp.
The ice encasing you melts away.
The zombie hands constrict the vault warden!
You kill the vault warden!
Makhleb accepts your kill.
You feel better.
Your death scarab bites the ironbound convoker.
Your death scarab draws strength from the ironbound convoker's injuries!
Your death scarab bites the ironbound convoker!!
The ironbound convoker dies!
Makhleb accepts your kill.
The ironbound convoker hits your wraith with a +0 dire flail!!!
Your wraith is destroyed!
Your wraith disappears in a puff of smoke!
The ironbound preserver barely misses your death scarab.
The deep troll barely misses your death scarab.
The deep troll claws your death scarab! x2
The vault warden activates a sealing rune.
Your death scarab bites the ironbound preserver!!
Your death scarab drains the ironbound preserver's vigour!
The ironbound preserver seems to slow down.
Your death scarab draws strength from the ironbound preserver's injuries!
Your death scarab bites the deep troll but does no damage. ๐Ÿ˜ฑ HP[+10]
You regained 10 hp, and now have 23/175 hp.
Your phantasmal warrior disappears in a puff of smoke!
Your death scarab bites the deep troll!
Your death scarab drains the deep troll's vigour!
The deep troll seems to slow down.
Your death scarab draws strength from the deep troll's injuries!
Your wraith hits the ironbound convoker!
Your death scarab bites the ironbound preserver!!
Your death scarab drains the ironbound preserver's vigour!
The ironbound preserver seems to slow down.
Your death scarab draws strength from the ironbound preserver's injuries!
Your death scarab barely misses the deep troll.
The ironbound preserver casts a spell.
The ironbound preserver is healed somewhat.
The ironbound convoker gestures at the deep troll while chanting.
The deep troll seems to grow stronger.
The vault warden hits you from afar with a +1 bardiche of protection.
* * * LOW HITPOINT WARNING * * *
Your wraith barely misses the ironbound convoker.
Your phantasmal warrior hits the ironbound convoker!!
You hear a shout! ๐Ÿ˜ฑ HP[-4]
You take 4 damage, and now have 19/175 hp.
Your phantasmal warrior disappears in a puff of smoke!
Your death scarab completely misses the ironbound preserver.
Your death scarab barely misses the ironbound preserver.
Your death scarab bites the deep troll!!
Your death scarab drains the deep troll's vigour!
The deep troll seems to slow down.
Your death scarab draws strength from the deep troll's injuries!
The deep troll bites your death scarab!!
Your death scarab is destroyed!
The vault warden hits you from afar with a +1 bardiche of protection!!
You die...

Skill      XL: |  1  2  3  4  5  6  7  8  9 10 11 12 13 14 15 16 17 18 19 20 21 22 23 |
---------------+----------------------------------------------------------------------+-----
Dodging        | 3 7 9 |  9.7
Spellcasting   | 4 5 6 7 9 10 12 14 15 17 18 19 20 21 | 21.8
Fighting       | 2 3 5 6 8 10 11 13 16 17 | 17.9
Shields        | 3 4 |  4.0
Evocations     | 3 6 |  6.2
Armour         | 5 8 |  8.1
Invocations    | 2 6 9 10 | 10.5
Unarmed Combat | 8 14 16 17 | 17.0
Stealth        | |  1.5

Action                   |  1- 3 |  4- 6 |  7- 9 | 10-12 | 13-15 | 16-18 | 19-21 | 22-24 || total
-------------------------+-------+-------+-------+-------+-------+-------+-------+-------++-------
Melee: Unarmed           |       |       |    26 |    10 |       |       |       |       ||    36
       Dagger            |       |       |     8 |       |       |       |       |       ||     8
       Staff             |       |       |       |    12 |     5 |     5 |     6 |     4 ||    32
 Cast: Magic Dart        |    58 |    86 |    97 |   208 |   281 |   129 |    23 |       ||   882
       Fulminant Prism   |       |     7 |    43 |    93 |   113 |    86 |    10 |     2 ||   354
       Searing Ray       |       |     1 |       |       |       |       |       |       ||     1
       Spider Form       |       |       |     4 |     1 |       |       |       |       ||     5
       Hailstorm         |       |       |     1 |       |       |     3 |       |       ||     4
       Borgnjor's Vile C |       |       |       |    32 |   208 |   214 |   238 |   135 ||   827
       Starburst         |       |       |       |       |     6 |   164 |   144 |    13 ||   327
       Metabolic Englaci |       |       |       |       |     3 |     1 |       |     1 ||     5
       Iskenderun's Myst |       |       |       |       |     1 |    15 |     1 |     1 ||    18
       Haunt             |       |       |       |       |       |       |    67 |   144 ||   211
       Infestation       |       |       |       |       |       |       |    15 |    45 ||    60
       Discord           |       |       |       |       |       |       |       |     1 ||     1
  Use: Scroll            |       |       |     5 |    11 |    10 |     8 |     2 |     9 ||    45
       Potion            |       |       |       |       |     2 |     3 |     1 |    14 ||    20
Armor: Robe              |       |     5 |    17 |    34 |       |       |       |       ||    56
       Skin              |       |     6 |     2 |     1 |       |       |       |       ||     9
       Troll leather arm |       |       |       |    16 |    41 |     9 |       |       ||    66
       Animal skin       |       |       |       |       |       |    40 |    78 |    35 ||   153
Dodge: Dodged            |     4 |     6 |    47 |   116 |    56 |   134 |   118 |   106 ||   587
Block: Buckler           |       |       |     5 |    37 |    57 |    94 |   113 |    86 ||   392
       Reflection        |       |       |       |       |    10 |    20 |     3 |     7 ||    40

Levels and vault maps discovered:
D:1:      co_arrival_random_square_maze, layout_basic, basic_ecumenical_altar
D:2:      layout_rooms, minmay_quantized, uniq_natasha, uniq_terence
D:3:      layout_basic, nemelex_spade_bored_becter, roderic_batcave,
          uniq_crazy_yiuf_cottage, uniq_sigmund
D:4:      layout_cave_pods
D:5:      layout_cave_pools, lightli_temple_of_fire, minmay_misc_feat_encased
D:6:      layout_loops_ring, nicolae_ru_awakened_eye,
          mainiacjoe_overflow_24_doors, minmay_temple_entry_hall,
          amethyst_killhole, minmay_misc_feat_ornament, minmay_misc_feat_five
D:7:      layout_loops_ring, enter_bailey_2
D:8:      layout_gridville, nicolae_elemental_shop, minmay_checkerbox,
          uniq_prince_ribbit1
D:9:      layout_irregular_city, gammafunk_temple_overflow_claw, minivault_7
D:10:     layout_loops_corners, marbit_many_paths, serial_shops, shop_statue,
          uniq_fannar, uniq_snorg
D:11:     layout_roguey, minmay_lair_entry_grove, st_stairs_11
D:12:     layout_layer_cave, orc_0_dummy, serial_shops, kennysheep_mini,
          portal_ice_cave_rime, dk_noncrumbling_3, kennysheep_generic_room_11,
          uniq_sonja
D:13:     minmay_two_paths, layout_irregular_city, david_vaults_3,
          nicolae_trove_entry_free_sample, chequers_decorated_corner,
          grunt_ministairs_12, nicolae_qazlal_general_emergency
D:14:     minmay_nested_s, layout_irregular_city, lemuel_tele_altar
Lair:1:   layout_layer_cave, infiniplex_staircase_pool, grunt_megastairs_5,
          uniq_maggie
Lair:2:   layout_gridlike, swamp_mist, dummy_spider_entry,
          chequers_serial_rivers_small_a, chequers_serial_rivers_marsh,
          beast_lair_carwin_7
Lair:3:   layout_small_grid, gammafunk_ghost_wrathful_warriors, st_stairs_4,
          dreamdust_mushroom_princess
Lair:4:   layout_long_grid, dreamdust_gnoll_shepherd
Lair:5:   layout_regular_city, slime_altar_1,
          hellmonk_guarded_unrand_seven_league_boots
Lair:6:   hellmonk_lair_end_abyssal_woods, layout_regular_city
Swamp:1:  layout_falls_marsh, evilmike_swamp_ruin_house_4,
          infiniplex_staircase_pool_2
Swamp:2:  layout_basic_swamp, serial_swamp_ruin, hangedman_swamp_ruin_wall,
          evilmike_swamp_ruin_house_1, evilmike_swamp_ruin_rubble_2, swamp_pool1
Swamp:3:  layout_basic_swamp, nicolae_swamp_ascending_descending, swamp_pool3
Swamp:4:  nzn_swamp_witches_coven, layout_basic_swamp, uniq_roxanne
Spider:1: layout_spider_delve, ebering_ghost_reflecting_pool
Spider:2: layout_spider_delve
Spider:3: layout_cave_pods, uniq_kirke, uniq_agnes, uniq_arachne
Spider:4: spider_rune_water
Orc:1:    layout_caves
Orc:2:    st_orc_ogre_mass, layout_diamond_mine
Elf:1:    layout_onion_city, minivault_28
Elf:2:    nicolae_elf_blades_splatter_lattice [infiniplex_blade_entry_pillars],
          layout_geoelf_octagon, serial_hangedman_research,
          hangedman_research_toxicology, hangedman_research_metamorphosis,
          hangedman_research_geology, hangedman_research_thanatology,
          hangedman_research_electronics, hangedman_research_thermodynamics
Elf:3:    minmay_elf_hall_curves, layout_geoelf_castle
Vaults:1: vaults_room_pools, v_alt_pattern_3, ontoclasm_vaults_idyll,
          grunt_vaults_funnel, v_alt_pattern_4, vaults_mumra_chevron,
          vaults_room_grid, ontoclasm_vaults_hangar,
          ontoclasm_vaults_loading_screen, v_misc_2, layout_vaults_big_room,
          uniq_saint_roka
Vaults:2: v_misc_25, nicolae_vaults_hallways_thing, nicolae_vaults_c_with_doors,
          minmay_crypt_entry_simple_sparse, grunt_vaults_trifunnel, v_misc_2,
          grunt_vaults_twisty, vaults_dpeg_diagonal, nicolae_vaults_rhombus_6,
          vaults_dpeg_ring, v_misc_10, vaults_room_fours, v_misc_25,
          dpeg_vaults_monster_box, layout_vaults_ring
Vaults:3: ontoclasm_vaults_claustrophobia, v_misc_2,
          nicolae_vaults_puzzle_piece, hangedman_vaults_stitches, kb_rosetta,
          grunt_vaults_diagonal, v_misc_4, hangedman_vaults_stream, v_misc_17,
          v_rooms_6, ontoclasm_vaults_shuriken, nicolae_vaults_little_squares_5,
          layout_vaults_maze, serial_shops, shop, uniq_margery, uniq_asterion,
          uniq_sojobo, uniq_nikola, uniq_mara
Vaults:4: advil_vaults_ghost_guards, nicolae_vaults_ring_of_whatevers,
          v_pattern_5, hangedman_vaults_stretched_pinwheel,
          vaults_room_semicircle, vaults_dpeg_hooks,
          nicolae_vaults_network_square, nicolae_vaults_asterisk,
          hangedman_vaults_locks, layout_vaults_omnicross

Notes
Turn   | Place    | Note
-------+----------+-------------------------------------------
     0 | D:1      | esteth the Djinni Conjurer began the quest for the Orb.
     0 | D:1      | Reached XP level 1. HP: 15/15 MP: 0/0
     0 | D:1      | magus.rc [v1.11.3]
   349 | D:1      | Reached XP level 2. HP: 18/21 MP: 0/0
   577 | D:1      | Found a faded altar of an unknown god.
  1282 | D:2      | Reached XP level 3. HP: 21/25 MP: 0/0
  1282 | D:2      | Learned a level 1 spell: Shock
  1578 | D:2      | Noticed Natasha
  1584 | D:2      | Killed Natasha
  1585 | D:2      | Reached skill level 3 in Dodging
  1585 | D:2      | Reached skill level 4 in Spellcasting
  1585 | D:2      | Reached XP level 4. HP: 19/31 MP: 0/0
  2363 | D:2      | Noticed Natasha
  2370 | D:2      | Killed Natasha
  2371 | D:2      | Reached XP level 5. HP: 26/35 MP: 0/0
  2371 | D:2      | Learned a level 2 spell: Wereblood
  2412 | D:2      | Noticed Terence
  2442 | D:2      | Killed Terence
  2998 | D:3      | Found a sparkling altar of Nemelex Xobeh.
  3189 | D:3      | Found a runed translucent door.
  3190 | D:3      | Noticed Crazy Yiuf
  3466 | D:3      | Reached XP level 6. HP: 33/41 MP: 0/0
  3467 | D:3      | Reached skill level 1 in Fighting
  3578 | D:3      | Noticed Sigmund
  3596 | D:3      | Killed Sigmund
  3597 | D:3      | Reached skill level 2 in Fighting
  3597 | D:3      | Reached skill level 5 in Spellcasting
  4037 | D:4      | Reached XP level 7. HP: 34/49 MP: 0/0
  4037 | D:4      | Learned a level 3 spell: Spider Form
  4304 | D:4      | HP: 12/49 [ogre/+0 giant spiked club (10)]
  4671 | D:4      | Reached skill level 3 in Fighting
  5316 | D:5      | Entered Level 5 of the Dungeon
  5320 | D:5      | Reached skill level 6 in Spellcasting
  5329 | D:5      | Noticed a water moccasin
  5556 | D:5      | HP: 11/50 [something (6)]
  5557 | D:5      | Reached XP level 8. HP: 13/56 MP: 0/0
  5909 | D:5      | Reached skill level 4 in Fighting
  5918 | D:5      | Identified the +2 robe of Oxucvud {Dex+5}
  6280 | D:5      | Found a burning altar of Makhleb.
  6285 | D:5      | Became a worshipper of Makhleb the Destroyer
  6359 | D:6      | Reached skill level 7 in Spellcasting
  6644 | D:6      | Reached skill level 5 in Fighting
  6644 | D:6      | Reached XP level 9. HP: 34/65 MP: 0/0
  6644 | D:6      | Learned a level 4 spell: Hailstorm
  6826 | D:6      | Found a staircase to the Ecumenical Temple.
  6979 | D:6      | Found a sacrificial altar of Ru.
  6985 | D:6      | Reached * piety under Makhleb
  7028 | D:6      | Reached skill level 8 in Spellcasting
  7269 | D:6      | Identified the +5 whip of Causality {vorpal, *Slow Fly
                  | rElec Int+2 Dex+3}
  7964 | D:6      | Reached skill level 1 in Shields
  8212 | D:7      | Reached skill level 2 in Shields
  8353 | D:7      | Found a flagged portal.
  8387 | Bailey   | Entered a bailey
  8463 | Bailey   | Reached ** piety under Makhleb
  8470 | Bailey   | Reached skill level 3 in Shields
  8470 | Bailey   | Reached skill level 9 in Spellcasting
  8470 | Bailey   | Reached XP level 10. HP: 65/72 MP: 0/0
  8531 | Bailey   | Reached skill level 4 in Shields
  8789 | Bailey   | Found an iron altar of Okawaru.
  9708 | D:8      | Reached skill level 6 in Fighting
  9753 | D:8      | Reached skill level 10 in Spellcasting
  9825 | D:8      | Found Mabidi Zext's Elemental Accessories.
  9851 | D:8      | Reached skill level 1 in Evocations
  9851 | D:8      | Noticed Prince Ribbit
  9859 | D:8      | Killed Prince Ribbit
  9999 | D:8      | Reached skill level 2 in Evocations
 10527 | D:9      | Reached *** piety under Makhleb
 10528 | D:9      | Reached skill level 3 in Evocations
 10684 | D:9      | Reached XP level 11. HP: 53/76 MP: 0/0
 10684 | D:9      | Learned a level 5 spell: Borgnjor's Vile Clutch
 11264 | D:9      | Found a snail-covered altar of Cheibriados.
 11264 | D:9      | Found an opulent altar of Gozag.
 11265 | D:9      | Found a bloodstained altar of Trog.
 11318 | D:9      | Reached skill level 4 in Evocations
 11504 | D:9      | Identified the +9 falchion of Wymacow {venom, Int+4 Dex+2}
 11616 | D:9      | Reached skill level 11 in Spellcasting
 11825 | D:10     | Entered Level 10 of the Dungeon
 12032 | D:10     | Noticed a two-headed ogre
 12048 | D:10     | Killed a two-headed ogre
 12081 | D:10     | Found a broken altar of Ashenzari.
 12108 | D:10     | Found Liatuth's Armour Emporium.
 12185 | D:10     | Reached skill level 5 in Evocations
 12257 | D:10     | Noticed a two-headed ogre
 12266 | D:10     | Killed a two-headed ogre
 12390 | D:10     | Noticed Fannar
 12504 | D:10     | Killed Fannar
 12900 | D:10     | Noticed Snorg
 12908 | D:10     | Killed Snorg
 12909 | D:10     | Reached skill level 12 in Spellcasting
 12909 | D:10     | Reached skill level 6 in Evocations
 12978 | D:10     | Identified the +1 robe of the Game of Life {rElec rPois rF+
                  | rC-}
 13132 | D:11     | Noticed a manticore
 13134 | D:11     | Noticed a boulder beetle
 13303 | D:11     | Reached XP level 12. HP: 77/83 MP: 0/0
 13333 | D:11     | Reached **** piety under Makhleb
 13350 | D:11     | Found a staircase to the Lair.
 13488 | D:11     | Reached skill level 13 in Spellcasting
 13493 | D:11     | Killed a boulder beetle
 13644 | D:11     | Noticed a four-headed hydra
 13648 | D:11     | Killed a four-headed hydra
 13962 | Lair:1   | Entered Level 1 of the Lair of Beasts
 13983 | Lair:1   | Noticed Maggie
 13989 | Lair:1   | Killed Maggie
 14068 | Lair:1   | HP: 20/83 [water moccasin (4)]
 14071 | Lair:1   | Reached skill level 14 in Spellcasting
 14188 | Lair:1   | Reached XP level 13. HP: 85/87 MP: 0/0
 14188 | Lair:1   | Learned a level 5 spell: Metabolic Englaciation
 14253 | Lair:1   | Reached skill level 1 in Armour
 14415 | Lair:1   | Reached skill level 4 in Dodging
 15260 | Lair:2   | Reached skill level 2 in Armour
 15344 | Lair:2   | Reached ***** piety under Makhleb
 15357 | Lair:2   | Got the Reference Book on Shape Shifting and Execration
 15389 | Lair:2   | Noticed a catoblepas
 15409 | Lair:2   | Killed a catoblepas
 15410 | Lair:2   | Reached skill level 3 in Armour
 15410 | Lair:2   | Reached skill level 5 in Dodging
 15474 | Lair:2   | Reached skill level 7 in Fighting
 15585 | Lair:2   | Reached skill level 4 in Armour
 15614 | Lair:2   | Reached skill level 6 in Dodging
 15794 | Lair:2   | Found a hole to the Spider Nest.
 15798 | Lair:2   | Found a staircase to the Swamp.
 16301 | Lair:3   | Noticed a seven-headed hydra
 16309 | Lair:3   | Killed a seven-headed hydra
 16310 | Lair:3   | Reached skill level 8 in Fighting
 16310 | Lair:3   | Reached skill level 5 in Armour
 16401 | Lair:3   | Reached skill level 7 in Dodging
 16556 | Lair:3   | Noticed Ecoseuz's ghost (journeyman DrAE)
 16562 | Lair:3   | Found a transporter.
 16567 | Lair:3   | Found a bloodstained altar of Trog.
 16582 | Lair:3   | Found a transporter.
 16825 | Lair:3   | Noticed a six-headed hydra
 16829 | Lair:3   | Killed a six-headed hydra
 16889 | Lair:3   | Identified the +5 hunting sling of Loomaese {venom, rF-
                  | Will+ Int+4 Dex+5}
 17040 | Lair:3   | Reached XP level 14. HP: 97/99 MP: 0/0
 17190 | Lair:4   | Reached skill level 6 in Armour
 17420 | Lair:4   | Reached skill level 9 in Fighting
 17423 | Lair:4   | Reached skill level 8 in Dodging
 17694 | Lair:4   | Reached skill level 7 in Armour
 17709 | Lair:4   | Reached skill level 9 in Dodging
 17971 | Lair:4   | Reached skill level 10 in Fighting
 18220 | Lair:5   | Reached ****** piety under Makhleb
 18224 | Lair:5   | Reached skill level 8 in Armour
 18655 | Lair:5   | Found a viscous altar of Jiyva.
 18655 | Lair:5   | Found a staircase to the Slime Pits.
 18878 | Lair:5   | Reached skill level 1 in Invocations
 18896 | Lair:5   | Found the +3 pair of seven-league boots {Rampage+โˆž}
 19038 | Lair:6   | Entered Level 6 of the Lair of Beasts
 19064 | Lair:6   | Reached skill level 2 in Invocations
 19066 | Lair:6   | Reached XP level 15. HP: 97/107 MP: 0/0
 19066 | Lair:6   | Learned a level 6 spell: Starburst
 19125 | Lair:6   | Reached skill level 3 in Invocations
 19222 | Lair:6   | Reached skill level 4 in Invocations
 19237 | Lair:6   | Reached skill level 15 in Spellcasting
 19585 | Lair:6   | Reached skill level 5 in Invocations
 19914 | Lair:6   | Found a corrupted altar of Lugonu.
 19914 | Lair:6   | Found a one-way gate to the infinite horrors of the Abyss.
 20687 | D:12     | Noticed Sonja
 20692 | D:12     | Killed Sonja
 20693 | D:12     | Reached skill level 6 in Invocations
 20784 | D:12     | Found a staircase to the Orcish Mines.
 21131 | D:12     | Found Viyps's Magic Scroll Shoppe.
 21135 | D:12     | Bought a scroll of magic mapping for 45 gold pieces
 21360 | D:12     | Found a frozen archway.
 21718 | D:13     | Noticed Urug
 21718 | D:13     | Noticed Rupert
 21718 | D:13     | Noticed Nessos
 21718 | D:13     | Found a gate to the Vaults.
 21727 | D:13     | Killed Nessos
 21728 | D:13     | Reached XP level 16. HP: 64/113 MP: 0/0
 21729 | D:13     | Killed Rupert
 21730 | D:13     | Reached skill level 16 in Spellcasting
 21730 | D:13     | Killed Urug
 21733 | D:13     | Reached skill level 7 in Invocations
 21750 | D:13     | a +1 vorpal executioner's axe {rare}; a +2 scale mail of
                  | willpower
 21869 | D:13     | a +2 scimitar of flaming; a +1 vorpal executioner's axe
                  | {rare}
 22045 | D:13     | Identified the +0 leather armour of the Gravedigger {rC+}
 22169 | D:13     | Found a portal to a secret trove of treasure.
 22179 | D:13     | This trove needs 6 scrolls of fog to function. Give it the
                  | items?
 22257 | D:12     | Bought a scroll of fog for 26 gold pieces
 22257 | D:12     | Bought a scroll of fog for 26 gold pieces
 22340 | D:13     | This trove needs 6 scrolls of fog to function. Give it the
                  | items?
 22512 | D:13     | Reached skill level 8 in Invocations
 22602 | D:13     | Noticed a sphinx
 22605 | D:13     | Paralysed by a sphinx for 7 turns
 22606 | D:13     | Killed a sphinx
 22806 | D:13     | Found a stormy altar of Qazlal.
 23319 | D:14     | Found a blossoming altar of Fedhas.
 23488 | D:14     | Identified a scroll of acquirement
 23489 | D:14     | Acquired the amulet of Megalomania {Will+ Regen+ Str+5}
 23687 | D:14     | Reached skill level 17 in Spellcasting
 23728 | D:14     | Reached skill level 9 in Invocations
 23851 | D:14     | Noticed a tengu reaver
 23880 | D:14     | Killed a tengu reaver
 23881 | D:14     | Reached XP level 17. HP: 78/118 MP: 0/0
 23881 | D:14     | Learned a level 6 spell: Statue Form
 23890 | D:14     | Noticed a tengu reaver
 23900 | D:14     | Killed a tengu reaver
 24004 | D:14     | Noticed a storm dragon
 24011 | D:14     | HP: 22/119 [storm dragon/bolt of lightning (31)]
 24237 | D:14     | Killed a storm dragon
 24542 | Orc:1    | Entered Level 1 of the Orcish Mines
 25020 | Orc:2    | Entered Level 2 of the Orcish Mines
 25272 | Orc:2    | Found a staircase to the Elven Halls.
 25360 | Orc:2    | Reached skill level 10 in Invocations
 25405 | Orc:2    | Found Amajet's Armour Boutique.
 25405 | Orc:2    | Found Suleack's Jewellery Emporium.
 25407 | Orc:2    | Found Lepaocis's Book Shoppe.
 25407 | Orc:2    | Found Utyez's Magic Scroll Boutique.
 25419 | Orc:2    | Bought the +4 skin of Zhor {*Englaciate rC+++ SInv} for
                  | 1130 gold pieces
 25419 | Orc:2    | Found the +4 skin of Zhor {*Englaciate rC+++ SInv}
 25437 | Orc:2    | Bought a manual of Unarmed Combat for 960 gold pieces
 25583 | Elf:1    | Entered Level 1 of the Elven Halls
 25665 | Elf:1    | Reached skill level 1 in Unarmed Combat
 25768 | Elf:1    | Reached skill level 2 in Unarmed Combat
 25907 | Elf:1    | Paralysed by an air elemental for 1 turns
 26182 | Elf:1    | Reached skill level 3 in Unarmed Combat
 26583 | Elf:1    | Paralysed by an air elemental for 1 turns
 26585 | Elf:1    | Paralysed by an air elemental for 1 turns
 26588 | Elf:1    | Reached skill level 18 in Spellcasting
 26594 | Elf:1    | Reached skill level 4 in Unarmed Combat
 26707 | Elf:1    | Reached skill level 5 in Unarmed Combat
 26752 | Elf:1    | HP: 28/119 [+2 long sword of electrocution (1)]
 26759 | Elf:1    | HP: 27/119 [+2 scimitar of electrocution (11)]
 26763 | Elf:1    | Reached skill level 6 in Unarmed Combat
 27444 | Elf:2    | Reached skill level 7 in Unarmed Combat
 27536 | Elf:2    | Paralysed by an air elemental for 1 turns
 27540 | Elf:2    | Paralysed by an air elemental for 1 turns
 27840 | Elf:2    | Got the Grimoire of Feathers
 27869 | Elf:2    | Reached skill level 8 in Unarmed Combat
 28215 | Elf:2    | Reached XP level 18. HP: 115/125 MP: 0/0
 28299 | Elf:2    | Got Tuihieh's Disquisition on the Rocks
 28407 | Elf:2    | Reached skill level 9 in Unarmed Combat
 28458 | Elf:2    | Noticed a bone dragon
 28470 | Elf:2    | Killed a bone dragon
 28471 | Elf:2    | Reached skill level 10 in Unarmed Combat
 28919 | Elf:2    | Got the Disquisition on Necromancy
 28999 | Elf:2    | Reached skill level 11 in Unarmed Combat
 29103 | Elf:2    | Got Laufogg's Reference Book on Changing
 29382 | Elf:2    | Got Sif Muna's Incunabulum of the Snowflakes
 29638 | Elf:2    | Reached skill level 12 in Unarmed Combat
 29753 | Elf:2    | Got Towuzot's Guide on Venom
 29919 | Elf:2    | Found a runed translucent gate.
 29919 | Elf:2    | Found a runed translucent gate.
 29920 | Elf:2    | Found a runed translucent gate.
 30016 | Elf:3    | Entered Level 3 of the Elven Halls
 30506 | Elf:3    | Reached skill level 13 in Unarmed Combat
 30928 | Spider:1 | Entered Level 1 of the Spider Nest
 30967 | Spider:1 | magus.rc [v1.11.3]
 31096 | Spider:1 | Found a runed translucent door.
 32036 | Spider:1 | Noticed BigAl's ghost (adept MiGl)
 32150 | Spider:2 | Reached skill level 14 in Unarmed Combat
 32157 | Spider:2 | Reached XP level 19. HP: 109/130 MP: 0/0
 32157 | Spider:2 | Learned a level 7 spell: Haunt
 33281 | Spider:2 | Reached skill level 15 in Unarmed Combat
 33812 | Spider:3 | Noticed Agnes
 33821 | Spider:3 | Killed Agnes
 33822 | Spider:3 | Reached skill level 19 in Spellcasting
 34333 | Spider:3 | Noticed Kirke
 34339 | Spider:3 | Killed Kirke
 35075 | Spider:3 | Noticed Arachne
 35084 | Spider:3 | HP: 11/130 [spark wasp/living lightning (19)]
 35687 | Spider:3 | Killed Arachne
 35886 | Spider:4 | Entered Level 4 of the Spider Nest
 36446 | Spider:4 | Reached skill level 16 in Unarmed Combat
 37882 | Spider:4 | Reached XP level 20. HP: 117/136 MP: 0/0
 38020 | Spider:4 | Identified a potion of experience
 38042 | Spider:4 | Reached skill level 17 in Unarmed Combat
 38395 | Spider:4 | Reached skill level 11 in Fighting
 38395 | Spider:4 | Reached XP level 21. HP: 145/145 MP: 0/0
 38395 | Spider:4 | Learned a level 8 spell: Infestation
 38411 | Spider:4 | Got a gossamer rune of Zot
 38599 | Swamp:1  | Entered Level 1 of the Swamp
 38599 | Swamp:1  | You are sucked into a shaft and drop 1 floor!
 39953 | Swamp:2  | Reached skill level 12 in Fighting
 41518 | Swamp:3  | Reached skill level 13 in Fighting
 42027 | Swamp:3  | Reached skill level 20 in Spellcasting
 42066 | Swamp:4  | Entered Level 4 of the Swamp
 42650 | Swamp:4  | Reached XP level 22. HP: 125/157 MP: 0/0
 43000 | Swamp:4  | Identified Roxanne's Volume of Earth
 43000 | Swamp:4  | Noticed Roxanne
 43222 | Swamp:4  | Reached skill level 14 in Fighting
 43477 | Swamp:4  | Paralysed by a fenstrider witch for 3 turns
 43544 | Swamp:4  | Got a decaying rune of Zot
 44066 | Vaults:1 | Entered Level 1 of the Vaults
 45876 | Vaults:1 | Noticed Saint Roka
 45886 | Vaults:1 | Killed Saint Roka
 45887 | Vaults:1 | Reached skill level 15 in Fighting
 46229 | Vaults:2 | Paralysed by a great orb of eyes for 7 turns
 46901 | Vaults:2 | HP: 35/161 [yaktaur/bolt[a yaktaur captain] (14)]
 47833 | Vaults:2 | Found a staircase to the Crypt.
 47938 | Vaults:2 | You are sucked into a shaft and drop 1 floor!
 47939 | Vaults:3 | Identified the +2 cloak of Philately {rElec}
 48270 | Vaults:3 | Noticed Asterion
 48276 | Vaults:3 | HP: 36/163 [balrug/divine providence[Asterion] (15)]
 48280 | Vaults:3 | HP: 3/163 [ironbound frostheart/creeping frost (34)]
 48743 | Vaults:3 | Killed Asterion
 48744 | Vaults:3 | Reached skill level 21 in Spellcasting
 48857 | Vaults:3 | Noticed Nikola
 48867 | Vaults:3 | Killed Nikola
 48940 | Vaults:3 | Reached skill level 16 in Fighting
 48980 | Vaults:3 | Reached XP level 23. HP: 94/169 MP: 0/0
 48980 | Vaults:3 | Learned a level 8 spell: Discord
 49395 | Vaults:3 | Noticed Sojobo
 49400 | Vaults:3 | Paralysed by an air elemental for 1 turns
 49408 | Vaults:3 | Killed Sojobo
 49409 | Vaults:3 | HP: 31/170 [centaur warrior/arrow (25)]
 49831 | Vaults:3 | Found Xooss's Antique Weapon Boutique.
 50375 | Vaults:3 | Noticed Mara
 50677 | Vaults:3 | Noticed esteth's illusion
 50953 | Vaults:3 | Killed Mara
 51017 | Vaults:3 | Reached skill level 17 in Fighting
 52713 | Vaults:4 | HP: 18/173 [war gargoyle/spray of metal splinters[a
                  | peacekeeper] (24)]
 53242 | Vaults:4 | HP: 41/173 [sphinx (4)]
 53244 | Vaults:4 | HP: 11/173 [war gargoyle/spray of metal splinters[a
                  | peacekeeper] (16)]
 53269 | Vaults:4 | HP: 26/174 [tengu reaver/bolt of lightning (5)]
 53276 | Vaults:4 | HP: 13/174 [war gargoyle/spray of metal splinters[a
                  | peacekeeper] (23)]
 53287 | Vaults:4 | HP: 13/174 [war gargoyle/spray of metal splinters[a
                  | peacekeeper] (8)]
 53326 | Vaults:4 | HP: 31/175 [peacekeeper (1)]
 53343 | Vaults:4 | HP: 10/175 [ironbound frostheart/creeping frost (16)]
 53348 | Vaults:4 | Slain by a vault warden

Vanquished Creatures
  Arachne (Spider:3)
  A bone dragon (Elf:2)
  Rupert (D:13)
  Asterion (Vaults:3)
  A sphinx (D:13)
  Kirke (Spider:3)
  3 tengu reavers
  A storm dragon (D:14)
  2 azure jellies (Elf:2)
  A fenstrider witch (Swamp:4)
  A frost giant (Vaults:3)
  An orc warlord (Vaults:1)
  2 emperor scorpions (Spider:4)
  A deep elf sorcerer (Elf:1)
  3 ghost moths (Spider:4)
  3 vault wardens (Vaults:4)
  An iron dragon (Elf:2)
  4 ghouls
  3 ironbound preservers
  Nessos (D:13)
  A vampire knight (Vaults:2)
  A war gargoyle (Vaults:4)
  An ironbound thunderhulk (Vaults:2)
  A very ugly thing (Vaults:1)
  A deep elf annihilator (Elf:1)
  3 eleionomae
  4 entropy weavers
  An entropy weaver (shapeshifter) (D:13)
  3 spark wasps
  3 bunyips
  Snorg (D:10)
  A fire dragon (Elf:2)
  An ettin (Orc:2)
  A crystal guardian (Vaults:2)
  4 jorogumos
  2 great orbs of eyes (Vaults:3)
  A vault guard (Vaults:3)
  Fannar (D:10)
  A quicksilver dragon skeleton (Elf:2)
  11 hydras
  5 catoblepae
  7 ogre magi
  4 ghost crabs
  2 spriggan air magi
  9 centaur warriors
  9 boulder beetles
  A death knight (D:13)
  3 radroaches
  23 two-headed ogres
  A death scarab (Spider:2)
  3 alligators
  Urug (D:13)
  11 dancing weapons
  12 death yaks
  A deep troll earth mage (Vaults:3)
  3 shock serpents (Elf:2)
  4 spriggans
  4 deep elf knights
  A fire crab (Lair:6)
  3 thrashing horrors (Lair:6)
  Sonja (D:12)
  A skeletal warrior (Vaults:2)
  A titan skeleton (Elf:2)
  A hell knight (D:14)
  9 orb spiders
  7 goliath frogs
  4 pharaoh ants
  A storm dragon skeleton (Elf:2)
  2 swamp dragons
  5 steelbarb worms
  A sun moth (Spider:1)
  15 deep trolls
  2 spriggan druids
  A death drake (Elf:2)
  9 deep elf archers
  A glowing orange brain (shapeshifter) (D:14)
  11 deep elf zephyrmancers
  7 wizards
  4 orc knights
  8 deep elf pyromancers
  5 harpies
  4 ironbound convokers
  2 lindwurms
  A necromancer (Vaults:3)
  23 wolf spiders
  6 cyclopes
  3 manticores
  4 moths of wrath
  4 orc sorcerers
  14 ugly things
  15 elephants
  4 will-o-the-wisps
  7 black mambas
  A guardian serpent (Lair:5)
  2 ice statues (Elf:2)
  5 torpor snails
  2 vault sentinels
  A gargoyle (D:10)
  7 cane toads
  Maggie (Lair:1)
  9 rime drakes
  2 unseen horrors
  2 kobold demonologists
  A komodo dragon (shapeshifter) (D:14)
  5 demonic crawlers
  A tengu conjurer (D:14)
  16 komodo dragons
  10 yaktaurs
  3 hellwings (Swamp:4)
  2 efreet
  2 anaconda simulacra (Elf:2)
  An ancient zyme (Lair:6)
  A queen bee (D:9)
  3 bloated husks
  A polar bear (Lair:4)
  7 trolls
  7 meliai
  13 slime creatures
  3 tyrant leeches
  2 sphinx simulacra (Elf:2)
  Prince Ribbit (D:8)
  A tengu simulacrum (Elf:2)
  24 tarantellas
  11 hornets
  33 blink frogs
  9 dream sheep
  A dream sheep (shapeshifter) (Lair:6)
  16 culicivoras
  4 shadows
  3 water elementals
  2 ynoxinuls (Lair:6)
  2 vampires
  37 jumping spiders
  7 air elementals
  A centaur simulacrum (D:14)
  3 wraiths
  Sigmund (D:3)
  3 large abominations (Lair:6)
  6 fire elementals
  A hog (shapeshifter) (Elf:2)
  66 yaks
  A fire bat (shapeshifter) (D:14)
  10 wyverns
  13 basilisks
  A hog (Elf:2)
  16 humans (D:13)
  12 vampire mosquitoes
  A redback simulacrum (D:13)
  4 chaos spawn
  4 wargs
  60 redbacks
  15 small abominations
  9 swamp worms
  5 acid dragons
  26 water moccasins
  A swamp drake (Swamp:2)
  A floating eye (shapeshifter) (Lair:6)
  3 ice beasts
  17 orc warriors
  2 black bears
  4 sky beasts
  3 black mamba simulacra (Elf:2)
  31 ogres
  A fire dragon simulacrum (Elf:2)
  A boggart (D:14)
  2 centaurs
  14 bullfrogs
  14 kobold brigands
  2 earth elementals (Elf:2)
  A scorpion (D:6)
  A gnoll sergeant (D:8)
  2 necrophages
  5 wights (D:7)
  An elephant simulacrum (Elf:2)
  26 killer bees
  2 vampire bats
  3 howler monkeys
  2 electric eels (Elf:3)
  2 jellies
  10 orc priests
  3 hounds
  2 gnoll shamans
  3 iguanas (D:6)
  Terence (D:2)
  Natasha (twice) (D:2)
  4 lightning spires (Elf:2)
  19 orc wizards
  A troll simulacrum (Elf:2)
  3 gnolls (D:7)
  3 adders
  An ufetubus (D:7)
  3 worms (D:2)
  5 dart slugs
  65 orcs
  7 bats (D:3)
  7 endoplasms
  3 giant cockroaches
  2 goblins
  3 hobgoblins
  3 jackals (D:4)
  4 quokkas
  9 ball pythons
  2 frilled lizards
  36 kobolds
  4 rats
  A fulminant prism (Lair:5)
1232 creatures vanquished.

Vanquished Creatures (collateral kills)
  Mara (Vaults:3)
  Sojobo (Vaults:3)
  Saint Roka (Vaults:1)
  Nikola (Vaults:3)
  A tentacled monstrosity (Swamp:4)
  Agnes (Spider:3)
  A thorn hunter (Swamp:3)
  2 tengu reavers (Vaults:3)
  5 fenstrider witches
  2 emperor scorpions (Spider:4)
  An orc warlord (Vaults:3)
  A ghost moth (Spider:3)
  5 vault wardens
  4 ghouls
  3 ironbound thunderhulks
  A reaper (Swamp:4)
  9 ironbound preservers
  2 war gargoyles
  4 very ugly things (Vaults:1)
  An eleionoma (Swamp:4)
  4 entropy weavers
  4 dire elephants (Vaults:3)
  A green death (Swamp:4)
  3 yaktaur captains
  2 great orbs of eyes (Vaults:2)
  3 vault guards (Vaults:3)
  2 peacekeepers
  7 hydras
  3 ghost crabs
  5 ironbound frosthearts
  An ogre mage (Swamp:4)
  4 centaur warriors (Vaults:3)
  An alligator (Swamp:3)
  2 soul eaters (Swamp:4)
  29 deep trolls
  A skeletal warrior (Vaults:2)
  2 steelbarb worms (Spider:3)
  2 pharaoh ants
  A sun moth (Spider:4)
  3 spriggan druids
  3 goliath frogs
  An orb spider (Spider:3)
  4 bog bodies
  A phantasmal warrior (Vaults:3)
  7 lindwurms
  A tengu zombie (Vaults:3)
  3 wizards
  8 ironbound convokers
  6 swamp dragons
  4 orc knights
  A deep elf pyromancer (Swamp:4)
  A necromancer (Vaults:3)
  3 will-o-the-wisps
  8 ugly things
  A wolf spider (Spider:2)
  2 moths of wrath
  3 vault sentinels
  A torpor snail (Spider:3)
  A demonic crawler (Spider:3)
  An orange demon (Swamp:4)
  An elf skeleton (Vaults:3)
  24 yaktaurs
  2 hellwings (Swamp:4)
  A troll (Vaults:1)
  2 tarantellas
  12 slime creatures
  A hornet (Swamp:4)
  4 tyrant leeches
  An ettin zombie (Vaults:3)
  A culicivora (Vaults:3)
  2 jumping spiders (Spider:3)
  A human simulacrum (Vaults:3)
  A wraith (Vaults:2)
  A deep troll skeleton (Vaults:3)
  2 spriggans (Swamp:4)
  8 redbacks
  2 neqoxecs (Swamp:4)
  3 vampire mosquitoes (Swamp:3)
  3 chaos spawn (Swamp:4)
  A yaktaur simulacrum (Vaults:3)
  8 swamp worms
  A swamp drake (Swamp:2)
  2 orc warriors (Vaults:1)
  An ogre skeleton (Vaults:3)
  2 ettin simulacra (Vaults:3)
  4 orcs (Vaults:1)
278 creatures vanquished.

Vanquished Creatures (others)
  A sphinx (Vaults:4)
  An ironbound preserver (Vaults:4)
  A spriggan druid (Swamp:4)
  A deep troll (Vaults:4)
  A wizard (D:14)
  A black mamba (Lair:6)
  2 yaktaurs (Vaults:4)
  3 humans (Spider:3)
  A redback (Spider:3)
  A ball lightning (Elf:2)
  29 foxfires
  352 fulminant prisms
  40 fungi
  51 plants
485 creatures vanquished.

Grand Total: 1995 creatures vanquished

Table legend:
 A = Non-vault XP
 B = Vault XP
 C = Vault XP percentage of total XP
 D = Non-vault monster count
 E = Vault monster count
 F = Vault count percentage of total count
                 A         B        C        D         E       F
            +---------+---------+-------+---------+---------+-------
      Total |  334635 |  276931 |  45.3 |     950 |     566 |  37.3
            +---------+---------+-------+---------+---------+-------
        D:1 |      28 |       0 |   0.0 |      15 |       0 |   0.0
        D:2 |      91 |      92 |  50.3 |      19 |       8 |  29.6
        D:3 |       8 |     275 |  97.2 |       4 |       9 |  69.2
        D:4 |     309 |       0 |   0.0 |      19 |       0 |   0.0
        D:5 |     588 |       0 |   0.0 |      14 |       0 |   0.0
        D:6 |    1278 |       0 |   0.0 |      36 |       0 |   0.0
        D:7 |    1519 |       0 |   0.0 |      28 |       0 |   0.0
        D:8 |     643 |     580 |  47.4 |       9 |       5 |  35.7
        D:9 |    1103 |    1361 |  55.2 |      14 |      18 |  56.2
       D:10 |    3047 |    2880 |  48.6 |      16 |       4 |  20.0
       D:11 |    3474 |    3780 |  52.1 |      15 |      17 |  53.1
       D:12 |    2511 |    2119 |  45.8 |      15 |       4 |  21.1
       D:13 |   11455 |   16909 |  59.6 |      22 |      36 |  62.1
       D:14 |    6040 |   19269 |  76.1 |      17 |      32 |  65.3
     Lair:1 |    6922 |     469 |   6.3 |      26 |       2 |   7.1
     Lair:2 |    5323 |    4075 |  43.4 |      25 |      12 |  32.4
     Lair:3 |    5320 |    1257 |  19.1 |      20 |       2 |   9.1
     Lair:4 |   16327 |    1110 |   6.4 |      43 |       5 |  10.4
     Lair:5 |    4597 |    2095 |  31.3 |      20 |       4 |  16.7
     Lair:6 |   19079 |   10674 |  35.9 |      49 |      40 |  44.9
    Swamp:1 |   10352 |       0 |   0.0 |      17 |       0 |   0.0
    Swamp:2 |   18022 |       0 |   0.0 |      29 |       0 |   0.0
    Swamp:3 |   26228 |       0 |   0.0 |      46 |       0 |   0.0
    Swamp:4 |   11599 |   24003 |  67.4 |      22 |      36 |  62.1
   Spider:1 |   14255 |       0 |   0.0 |      40 |       0 |   0.0
   Spider:2 |   30376 |       0 |   0.0 |      80 |       0 |   0.0
   Spider:3 |   17399 |    5089 |  22.6 |      42 |       3 |   6.7
   Spider:4 |   18032 |   19489 |  51.9 |      41 |      39 |  48.8
      Orc:1 |    3418 |       0 |   0.0 |      34 |       0 |   0.0
      Orc:2 |    3188 |   17801 |  84.8 |      28 |      41 |  59.4
      Elf:1 |    6360 |    6576 |  50.8 |      12 |       9 |  42.9
      Elf:2 |    6414 |   34825 |  84.4 |      14 |      74 |  84.1
      Elf:3 |    5139 |       0 |   0.0 |      10 |       0 |   0.0
   Vaults:1 |   25666 |    7351 |  22.3 |      38 |      17 |  30.9
   Vaults:2 |   15595 |   15786 |  50.3 |      26 |      22 |  45.8
   Vaults:3 |   23241 |   59669 |  72.0 |      30 |      82 |  73.2
   Vaults:4 |    9689 |   18112 |  65.1 |      15 |      24 |  61.5
     Bailey |       0 |    1285 | 100.0 |       0 |      21 | 100.0
            +---------+---------+-------+---------+---------+-------

Illustrated notes

Table legend:
 A = Kills in this place as a percentage of kills in entire the game.
 B = Kills by you in this place as a percentage of kills by you in the entire game.
 C = Kills by friends in this place as a percentage of kills by friends in the entire game.
 D = Other kills in this place as a percentage of other kills in the entire game.
 E = Experience gained in this place as a percentage of experience gained in the entire game.
 F = Experience gained in this place divided by the number of levels of this place that you have seen.
                   A       B       C       D       E      F
               +-------+-------+-------+-------+-------+----------------------
         Total | 100.0 | 100.0 | 100.0 | 100.0 | 100.0 | 16093.8
       Dungeon |  24.8 |  30.5 |   0.0 |  14.3 |  13.0 | 5668.5
          Lair |  16.4 |  20.1 |   0.0 |  14.3 |  12.6 | 12874.7
         Swamp |   9.9 |   6.0 |  27.3 |   0.0 |  14.7 | 22551.0
   Spider Nest |  16.2 |  17.8 |   9.4 |   0.0 |  17.1 | 26160.0
  Orcish Mines |   6.8 |   8.4 |   0.0 |   0.0 |   4.0 | 12203.5
   Elven Halls |   7.8 |   9.7 |   0.0 |   0.0 |   9.7 | 19771.3
        Vaults |  16.8 |   5.9 |  63.3 |  71.4 |  28.6 | 43777.2
        Bailey |   1.4 |   1.7 |   0.0 |   0.0 |   0.2 | 1285.0
               +-------+-------+-------+-------+-------+----------------------

Table legend: (Time is in decaauts)
 A = Elapsed time spent in this place.
 B = Non-inter-level travel time spent in this place.
 C = Inter-level travel time spent in this place.
 D = Time resting spent in this place.
 E = Time spent auto-exploring this place.
 F = Levels seen in this place.
 G = Mean time per level.
                   A        B        C        D        E       F      G
               +--------+--------+--------+--------+--------+-----+--------+
         Total |  53380 |  51460 |   1920 |  10063 |  33233 |  38 | 1404.7 |
       Dungeon |  17650 |  16824 |    826 |   2501 |  11879 |  14 | 1260.7 |
          Lair |   6704 |   6315 |    389 |    110 |   4826 |   6 | 1117.3 |
         Swamp |   5334 |   5250 |     84 |    704 |   3725 |   4 | 1333.5 |
   Spider Nest |   7675 |   7397 |    278 |   2385 |   3986 |   4 | 1918.8 |
  Orcish Mines |   1078 |    994 |     84 |      0 |    688 |   2 |  539.0 |
   Elven Halls |   5209 |   5059 |    150 |   1332 |   3098 |   3 | 1736.3 |
        Vaults |   9268 |   9162 |    106 |   2830 |   4919 |   4 | 2317.0 |
        Bailey |    458 |    458 |      0 |    201 |    112 |   1 |  458.0 |
               +--------+--------+--------+--------+--------+-----+--------+

Top non-repeatable levels by time:
Vaults:3: 4970 daAuts
   Elf:2: 2725 daAuts
Spider:4: 2621 daAuts
Vaults:1: 2074 daAuts
Spider:3: 2028 daAuts
     D:4: 1891 daAuts
 Swamp:4: 1839 daAuts
Vaults:2: 1797 daAuts
   Elf:1: 1768 daAuts
     D:6: 1747 daAuts
Spider:2: 1526 daAuts
     D:2: 1503 daAuts
Spider:1: 1499 daAuts
  Lair:6: 1446 daAuts
    D:14: 1433 daAuts
